 Dungeon Crawl Stone Soup version 0.27-a0-1438-g9b7c6745da (webtiles) character file.

Game seed: 14464766791417288848

144 AarnesTheHuman the Shield-Bearer (level 5, -8/42 HPs)
             Began as a Formicid Fighter on July 4, 2021.
             Mangled by an iguana (10 damage)
             ... on level 3 of the Dungeon.
             The game lasted 00:04:25 (2758 turns).

AarnesTheHuman the Shield-Bearer (Formicid Fighter) Turns: 2758, Time: 00:04:25

Health: -8/42      AC: 11    Str: 22    XL:     5   Next: 51%
Magic:  5/5        EV:  8    Int:  7    God:
Gold:   119        SH: 10    Dex: 10    Spells: 4/4 levels left

rFire    . . .     SeeInvis +   q - +2 mace (holy)
rCold    . . .     Faith    .   c - +0 kite shield
rNeg     . . .     Spirit   .   b - +0 scale mail
rPois    .         Reflect  .   (helmet unavailable)
rElec    .         Harm     .   (no cloak)
rCorr    .         Rampage  .   (no gloves)
Will     .....                  (no boots)
Stlth    ..........             (no amulet)
HPRegen  0.14/turn              j - +4 ring of protection
MPRegen  0.09/turn              (no ring)

@: mighty
A: permanent stasis, dig shafts and tunnels, antennae 3, four strong arms
a: Dig, Shaft Self


You were on level 3 of the Dungeon.
You visited 1 branch of the dungeon, and saw 4 of its levels.

You collected 119 gold pieces.

Inventory:

Hand Weapons
 a - a +0 long sword
 m - a +1 dagger of freezing
 q - a +2 mace of holy wrath (weapon)
Missiles
 h - 8 atropa-tipped darts
 n - 23 poisoned darts (quivered)
 p - 2 javelins
Armour
 b - a +0 scale mail (worn)
 c - a +0 kite shield (worn)
Jewellery
 j - a +4 ring of protection (left hand)
Scrolls
 e - 2 scrolls of torment {unknown}
 f - 2 scrolls of teleportation {unknown}
 i - a scroll of fog {unknown}
 k - a scroll of magic mapping {unknown}
 l - a scroll of enchant weapon {unknown}
 o - a scroll of identify {unknown}
 t - a scroll of immolation {unknown}
Potions
 g - a potion of brilliance {unknown}
 r - 2 potions of degeneration {unknown}
 s - 2 potions of mutation {unknown}


   Skills:
 + Level 4.0 Fighting
 + Level 3.0 Long Blades
 + Level 4.0 Armour
 * Level 5.2 Shields


You had 4 spell levels left.
You didn't know any spells.
Your spell library contained the following spells:

 Spells                   Type           Power      Damage    Failure   Level
 Apportation              Tloc           0%         N/A       95%         1
 Freeze                   Ice            0%         1d3       95%         1
 Frozen Ramparts          Ice            0%         1d2       100%        3
 Lesser Beckoning         Tloc           0%         N/A       100%        3
 Fulminant Prism          Conj/Hex       0%         3d6       100%        4
 Hailstorm                Conj/Ice       0%         3d3       100%        4
 Iskenderun's Mystic Bla  Conj/Tloc      0%         2d3       100%        4
 Alistair's Intoxication  Tmut/Pois      0%         N/A       100%        5
 Lee's Rapid Deconstruct  Erth           0%         3d5*      100%        5
 Manifold Assault         Tloc           0%         N/A       100%        5
 Invisibility             Hex            0%         N/A       100%        6
 Blink                    Tloc           Unusable   N/A       N/A         2

Dungeon Overview and Level Annotations

Branches:
Dungeon (4/15)
 Temple: D:4-7

Altars:
Elyvilon
Wu Jian

Shops:
D:1 *


Innate Abilities, Weirdness & Mutations

You cannot be hasted, slowed, berserked, paralysed or teleported.
You can dig through walls and to a lower floor.
You have a pair of large antennae on your head. (SInv)
Your four strong arms can wield two-handed weapons with a shield.


Message History

An orc priest comes into view. It is wielding a +0 short sword.
An orc comes into view.
It is wielding a +0 whip and quivering silver boomerangs.
The orc shouts!
The orc priest shouts!
You block the worm's attack.
An orc comes into view. It is wielding a +0 dagger.
The orc shouts!
You hit the worm.
The worm is lightly wounded.
The orc priest invokes the aid of Beogh against you.
Beogh smites you!
A goblin comes into view. It is wielding a +0 dagger.
The worm barely misses you.
The goblin shouts!
You thump the worm!
The worm is heavily wounded.
The goblin unwields a +0 dagger.
The goblin wields a +0 hunting sling.
The goblin shoots a stone.
The stone hits you but does no damage.
An orc comes into view.
It is wielding a +0 flail of protection.
You block the worm's attack.
The iguana bites you but does no damage.
The orc shouts!
The iguana bites you.
The orc priest mumbles some strange prayers to Beogh against you.
Beogh smites you!
There is a stone staircase leading up here.
The orc priest calls down the wrath of Beogh upon you.
Beogh smites you!
* * * LOW HITPOINT WARNING * * *
You block the iguana's attack.
You climb upwards.
There is a stone staircase leading down here.
You hit the iguana.
The iguana is moderately wounded.
The iguana bites you.
* * * LOW HITPOINT WARNING * * *
The iguana bites you.
* * * LOW HITPOINT WARNING * * *
You feel very mighty all of a sudden. The iguana bites you!
You die...

...#####.......##### #.....
...............###### #.....
....................###
######
##....##.......####...#
#####..........# ###.#### #
###.######## #....#### #
#...##############....#
########........l.........###
##.......#####..@...#######
...###########......#
....................#
####.################ #.#
####.# ...#.## ......#
≈≈....#


You could see an iguana.

Vanquished Creatures
  An orc wizard (D:2)
  3 gnolls (D:3)
  A white imp (D:3)
  2 dart slugs (D:1)
  7 orcs
  6 ball pythons
  5 bats
  4 endoplasms
  3 giant cockroaches
  8 goblins
  6 hobgoblins
  8 jackals (D:1)
  5 frilled lizards
  5 kobolds
  2 rats (D:1)
66 creatures vanquished.

Notes
Turn   | Place    | Note
-------+----------+-------------------------------------------
     0 | D:1      | AarnesTheHuman the Formicid Fighter began the quest for the
                  | Orb.
     0 | D:1      | Reached XP level 1. HP: 18/18 MP: 1/1
    95 | D:1      | Found Xesoinyn's General Store.
   172 | D:1      | Reached XP level 2. HP: 15/24 MP: 2/2
   318 | D:1      | Reached skill level 4 in Shields
   603 | D:1      | Reached XP level 3. HP: 29/29 MP: 3/3
   730 | D:1      | Found a faded altar of an unknown god.
  1453 | D:2      | Reached XP level 4. HP: 37/37 MP: 4/4
  2046 | D:3      | Reached XP level 5. HP: 36/42 MP: 5/5
  2296 | D:3      | Found an ornate altar of the Wu Jian Council.
  2349 | D:3      | Reached skill level 5 in Shields
  2591 | D:3      | Found a white marble altar of Elyvilon.
  2757 | D:3      | HP: 1/42 [iguana (4)]
  2758 | D:3      | Mangled by an iguana

Illustrated notes

Levels and vault maps discovered:
D:1:      minmay_arrival_widening_spiral_wide, layout_basic,
          basic_ecumenical_altar, serial_shops, shop, grunt_decor_clamped,
          minmay_domino_4
D:2:      layout_loops_ring
D:3:      layout_rooms, elyvilon_altar_3, lemuel_coloured_pillars_altar
D:4:      layout_layer_cave, kennysheep_donut, lightli_minifort

Skill      XL: |  1  2  3  4  5 |
---------------+----------------+-----
Shields        | 4 5 |  5.2
Armour         | 4 |  4.0
Fighting       | 4 |  4.0
Long Blades    | 3 |  3.0

Action                   |  1- 3 |  4- 6 || total
-------------------------+-------+-------++-------
Melee: Long sword        |    97 |    47 ||   144
       Mace              |       |    39 ||    39
  Use: Potion            |       |     1 ||     1
Armor: Scale mail        |    68 |    40 ||   108
Dodge: Dodged            |    49 |    38 ||    87
Block: Kite shield       |    54 |    49 ||   103
       Rpst.: Long sword |    15 |     4 ||    19

Table legend: (Time is in decaauts)
 A = Elapsed time spent in this place.
 B = Non-inter-level travel time spent in this place.
 C = Inter-level travel time spent in this place.
 D = Time resting spent in this place.
 E = Time spent auto-exploring this place.
 F = Levels seen in this place.
 G = Mean time per level.
                   A        B        C        D        E       F      G
               +--------+--------+--------+--------+--------+-----+--------+
         Total |   2842 |   2747 |     95 |    263 |   1920 |   4 |  710.5 |
       Dungeon |   2842 |   2747 |     95 |    263 |   1920 |   4 |  710.5 |
               +--------+--------+--------+--------+--------+-----+--------+

Top non-repeatable levels by time:
     D:1: 1265 daAuts
     D:3: 809 daAuts
     D:2: 748 daAuts
     D:4: 19 daAuts
